 Dungeon Crawl Stone Soup version 0.20.0-4-g10b340a (webtiles) character file.

166 McKennaii the Slasher (level 5, -5/42 HPs)
             Began as a Barachi Fighter on May 28, 2017.
             Slain by an ogre
             ... wielding a +0 giant club
              (18 damage)
             ... on level 4 of the Dungeon.
             The game lasted 00:03:53 (2177 turns).

McKennaii the Slasher (Barachi Fighter)             Turns: 2177, Time: 00:03:54

Health: -5/42      AC:  8    Str: 18    XL:     5   Next: 47%
Magic:  0/5        EV:  8    Int:  8    God:
Gold:   201        SH:  9    Dex: 14    Spells: 4/4 levels left

rFire    . . .     SeeInvis .   a - +0 long sword
rCold    . . .     Gourm    .   c - +0 shield
rNeg     . . .     Faith    .   b - +0 scale mail
rPois    .         Spirit   +   (no helmet)
rElec    .         Reflect  .   (no cloak)
rCorr    .         Harm     .   u - +0 pair of gloves
MR       .....                  (no boots)
Stlth    ..........             g - amulet of guardian spirit
Regen    0.2/turn               o - +2 ring of dexterity
MPRegen  0.1/turn               (no ring)

@: slow
A: +LOS, swims, slowness 1, strong legs 1
a: Hop


You were on level 4 of the Dungeon.
You were hungry.

You visited 1 branch of the dungeon, and saw 4 of its levels.

You collected 201 gold pieces.

Inventory:

Hand Weapons
 a - a +0 long sword (weapon)
Armour
 b - a +0 scale mail (worn)
 c - a +0 shield (worn)
 u - a +0 pair of gloves (worn)
Jewellery
 g - an amulet of guardian spirit (around neck)
 o - a +2 ring of dexterity (left hand)
Wands
 z - a wand of polymorph (10/24)
Scrolls
 h - 2 scrolls of magic mapping
 j - 2 scrolls of random uselessness {unknown}
 l - 2 scrolls of identify {unknown}
 m - a scroll of blinking {unknown}
 n - a scroll of amnesia {unknown}
 p - a scroll of enchant weapon {unknown}
 r - a scroll of remove curse
 s - a scroll of fog {unknown}
 v - a scroll of recharging {unknown}
 x - a scroll of noise {unknown}
 y - a scroll of fear {unknown}
Potions
 d - a potion of might
 e - a potion of haste {unknown}
 i - 4 potions of brilliance {unknown}
 t - a potion of invisibility {unknown}
 w - a potion of agility {unknown}
Comestibles
 f - 3 bread rations
 k - 4 meat rations
 q - a royal jelly


   Skills:
 + Level 4.0 Fighting
 + Level 4.8 Long Blades
 + Level 4.3 Armour
 + Level 1.3 Dodging
 + Level 4.1 Shields


You had 4 spell levels left.
You didn't know any spells.

Dungeon Overview and Level Annotations

Branches:
Dungeon (4/15)
 Temple: D:4-7

Altars:


Innate Abilities, Weirdness & Mutations

Shadows flee at your approach. (+LOS)
You can swim through water.
You cover ground slowly.
You can hop short distances.


Message History

Your shield and scale mail prevent you from hitting the ogre.
The ogre hits you with a giant club!!
Your shield and scale mail prevent you from hitting the ogre.
You block the ogre's attack.
You slash the ogre!
The ogre is moderately wounded.
The ogre barely misses you.
You hit the ogre.
The ogre is heavily wounded.
The ogre hits you with a giant club!
You hit the ogre.
The ogre is severely wounded.
The ogre hits you with a giant club.
You barely miss the ogre.
The ogre is severely wounded.
The ogre hits you but does no damage.
You barely miss the ogre.
The ogre is severely wounded.
The ogre hits you with a giant club!!
You die...

#.####...............[#
#
#.............#.##.##.#
#
####.).####.....##.##.#
# #...# ########.##.# #
#######...## #.#... .
...........# #.#(.#
.#######.#.# #.#..#
#####.#.####### #.#..#
#......gO@....# #.# .#
#.###.###.#g#####.# #.#
#..............#
#####.####..##.#
#..##.##.# #.......[#
#...).....#
#..###.#..... .....
.......


You could see an ogre and 2 gnolls.

Vanquished Creatures
  Jessica (D:2)
  2 gnolls (D:4)
  3 adders
  An ooze (D:3)
  A worm (D:3)
  A dart slug (D:1)
  6 leopard geckos
  An orc (D:3)
  10 bats
  8 giant cockroaches
  8 hobgoblins
  8 jackals
  5 kobolds
  2 ball pythons
  4 frilled lizards
  8 goblins
  9 rats
78 creatures vanquished.

Notes
Turn   | Place    | Note
-------+----------+-------------------------------------------
     0 | D:1      | McKennaii the Barachi Fighter began the quest for the Orb.
     0 | D:1      | Reached XP level 1. HP: 18/18 MP: 1/1
    72 | D:1      | Reached XP level 2. HP: 21/25 MP: 0/2
   191 | D:1      | Reached XP level 3. HP: 18/30 MP: 1/3
   711 | D:2      | Noticed Jessica
   718 | D:2      | Killed Jessica
   718 | D:2      | Reached XP level 4. HP: 35/37 MP: 4/4
  1142 | D:2      | Reached skill level 1 in Dodging
  1450 | D:3      | Reached XP level 5. HP: 42/42 MP: 3/5
  2157 | D:4      | Noticed an ogre
  2177 | D:4      | Slain by an ogre

Skill      XL: |  1  2  3  4  5 |
---------------+----------------+-----
Armour         | 4 |  4.3
Long Blades    | 3 4 |  4.8
Shields        | 4 |  4.1
Dodging        | 1 |  1.3
Fighting       | 4 |  4.0

Action                   |  1- 3 |  4- 6 || total
-------------------------+-------+-------++-------
Melee: Long sword        |   116 |   121 ||   237
  Use: Scroll            |       |     2 ||     2
  Eat: Chunk             |       |     5 ||     5
Armor: Scale mail        |    74 |    53 ||   127
Dodge: Dodged            |    43 |    47 ||    90
Block: Shield            |    65 |    71 ||   136
       Rpst.: Long sword |    18 |    18 ||    36
